 Dungeon Sprint DCSS version 0.20.1-1-g8b1a95d (webtiles) character file.

1208 Lanoc the Grappler (level 8, 0/59 HPs)
             Began as a Minotaur Transmuter on Nov 28, 2017.
             Was an Initiate of Uskayaw.
             Slain by Sonja
             ... wielding a +0 dagger of distortion
              (2 damage)
             ... in the Dungeon (Sprint I: "Red Sonja").
             The game lasted 00:06:17 (1383 turns).

Lanoc the Grappler (Minotaur Transmuter)            Turns: 1383, Time: 00:06:18

Health: 0/59       AC:  2    Str: 16    XL:     8   Next: 21%
Magic:  11/15      EV: 16    Int: 10    God:    Uskayaw [......]
Gold:   415        SH:  0    Dex: 12    Spells: 14/17 levels left

rFire    . . .     SeeInvis .     - Unarmed
rCold    . . .     Gourm    .   (no shield)
rNeg     . . .     Faith    .   b - +0 robe
rPois    .         Spirit   .   (helmet restricted)
rElec    .         Reflect  .   (no cloak)
rCorr    .         Harm     .   (no gloves)
MR       .....     NoTele   +   (boots currently unavailable)
Stlth    ++........             (no amulet)
Regen    0.2/turn               (no ring)
MPRegen  0.2/turn               (no ring)

@: lethally poisoned (0 -> -20), appendage, slowed, very slow
A: retaliatory headbutt, horns 2, talons 3
a: End Transformation, Renounce Religion


You were in the Dungeon.
You worshipped Uskayaw.
Uskayaw was noncommittal.
You were not hungry.
You had grown temporary talons.
You visited 1 branch You collected 415 gold pieces.

Inventory:

Missiles
 a - 12 arrows
Armour
 b - a +0 robe (worn)
Scrolls
 j - a scroll of blinking
 k - a scroll of fear {unknown}
Potions
 e - a potion of curing
 f - a potion of heal wounds
 g - a potion of haste
 h - 2 potions of magic
 i - a potion of berserk rage
Books
 c - a book of Changes

   Spells                             Type                      Level
   a - Beastly Appendage              Transmutation                1
   b - Sticks to Snakes               Transmutation                2
   c - Spider Form                    Transmutation/Poison         3
   d - Ice Form                       Ice/Transmutation            4
   e - Blade Hands                    Transmutation                5


   Skills:
 + Level 1.3 Fighting
 + Level 8.0 Dodging
 + Level 1.8 Stealth
 + Level 13.5 Unarmed Combat
 + Level 5.4 Spellcasting
 * Level 7.0 Transmutations


You had 14 spell levels left.
You knew the following spells:

 Your Spells              Type           Power        Failure   Level  Hunger
a - Beastly Appendage     Tmut           ###...       1%          1    None
b - Sticks to Snakes      Tmut           ###.....     1%          2    ##.....


Dungeon Overview and Level Annotations

Branches:
Dungeon (1/1)

Altars:
Cheibriados
Dithmenos
Elyvilon
Fedhas
Gozag
Hepliaklqana
Kikubaaqudgha
Makhleb
Nemelex Xobeh
Okawaru
Qazlal
Ru
Sif Muna
Trog
Uskayaw
Vehumet
Xom
Yredelemnul
Zin
The Shining One
Jiyva
Lugonu

Shops:
D (

Annotations:
D Sonja


Innate Abilities, Weirdness & Mutations

You reflexively headbutt those who attack you in melee.
You have a pair of horns on your head.
You have claws for feet.


Message History

Sonja hits you with an uncursed dagger of distortion.
You feel a strange sense of stasis.
Sonja hits you with an uncursed dagger of distortion!
You feel a strange sense of stasis.
Sonja hits you with an uncursed dagger of distortion.
You stomp with the beat, sending a shockwave through the revelers around you!
Sonja is moderately wounded.
You feel somewhat more hungry.
You can no longer stomp with the beat.
You feel very sick.
Sonja hits you with an uncursed dagger of distortion!
* * * LOW HITPOINT WARNING * * *
Space bends around you.
* * * LOW HITPOINT WARNING * * *
Sonja hits you with an uncursed dagger of distortion.
* * * LOW HITPOINT WARNING * * *
You feel a strange sense of stasis. Sonja hits you but does no damage.
Sonja shouts, "Too slow!"
Sonja hits you with an uncursed dagger of distortion.
You die...

##########################
#<.#..').#..'..#__#..')..#
#..').#..').#..'..'..#)..#
#..#####'#####'#__####...+
#..####..#...#.#### #####
#..#__####..##.#
#..#_____##K#..+
#⌠⌠#_.∩...'@.._#
####_..__##_(#+#
#_____###(# ####### #.#
$.$ #$.$# ##.## #+#


You could see Sonja.

Vanquished Creatures
  2 kobold demonologists (D)
  A slime creature (D)
  Sigmund (D)
  A yak (D)
  A floating eye (D)
  An ogre (D)
  A jelly (D)
  Ijyb (D)
9 creatures vanquished.

Notes
Turn   | Place    | Note
-------+----------+-------------------------------------------
     0 | D        | Lanoc the Minotaur Transmuter began the quest for the Orb.
     0 | D        | Reached XP level 1. HP: 16/16 MP: 1/1
     1 | D        | Noticed Ijyb
     7 | D        | Killed Ijyb
     7 | D        | Reached skill level 5 in Unarmed Combat
     7 | D        | Reached XP level 2. HP: 17/23 MP: 0/4
    86 | D        | Learned a level 2 spell: Sticks to Snakes
    86 | D        | Noticed an ogre
    92 | D        | Killed an ogre
    92 | D        | Reached skill level 8 in Unarmed Combat
    92 | D        | Reached XP level 3. HP: 14/28 MP: 3/6
    92 | D        | Reached XP level 4. HP: 17/35 MP: 3/7
   250 | D        | Noticed Sigmund
   259 | D        | Killed Sigmund
   259 | D        | Reached skill level 5 in Dodging
   259 | D        | Reached skill level 10 in Unarmed Combat
   259 | D        | Reached XP level 5. HP: 38/40 MP: 6/9
   259 | D        | Reached XP level 6. HP: 45/47 MP: 6/10
   299 | D        | Found a burning altar of Makhleb.
   299 | D        | Found a viscous altar of Jiyva.
   299 | D        | Found a shimmering altar of Xom.
   299 | D        | Found a corrupted altar of Lugonu.
   299 | D        | Noticed a slime creature
   305 | D        | Killed a slime creature
   305 | D        | Reached skill level 11 in Unarmed Combat
   305 | D        | Reached skill level 5 in Transmutations
   543 | D        | Found a deep blue altar of Sif Muna.
   545 | D        | Found a radiant altar of Vehumet.
   587 | D        | Found Akastru's Antique Weapon Emporium.
   587 | D        | Found an ancient bone altar of Kikubaaqudgha.
   587 | D        | Found a hazy altar of Hepliaklqana.
   587 | D        | Found a stormy altar of Qazlal.
   587 | D        | Found a hide-covered altar of Uskayaw.
   587 | D        | Found a blossoming altar of Fedhas.
   587 | D        | Found a bloodstained altar of Trog.
   587 | D        | Found an iron altar of Okawaru.
   587 | D        | Found a basalt altar of Yredelemnul.
   587 | D        | Found a glowing golden altar of the Shining One.
   587 | D        | Found a snail-covered altar of Cheibriados.
   587 | D        | Found a sacrificial altar of Ru.
   587 | D        | Found a glowing silver altar of Zin.
   587 | D        | Found a shadowy altar of Dithmenos.
   587 | D        | Found a white marble altar of Elyvilon.
   587 | D        | Noticed a yak
   596 | D        | Killed a yak
   596 | D        | Reached skill level 12 in Unarmed Combat
   596 | D        | Reached XP level 7. HP: 14/52 MP: 10/13
   597 | D        | Found an opulent altar of Gozag.
   598 | D        | Found a sparkling altar of Nemelex Xobeh.
   616 | D        | Became a worshipper of Uskayaw the Reveler
   931 | D        | Noticed a kobold demonologist
   933 | D        | Reached * piety under Uskayaw
   934 | D        | Noticed a kobold demonologist
   934 | D        | Noticed an orange demon
   937 | D        | Noticed a hellwing
   940 | D        | Reached ** piety under Uskayaw
   943 | D        | Reached *** piety under Uskayaw
   944 | D        | Killed a kobold demonologist
   944 | D        | Reached skill level 1 in Stealth
   944 | D        | Reached skill level 13 in Unarmed Combat
   944 | D        | Reached skill level 5 in Spellcasting
   947 | D        | Noticed a chaos spawn
   947 | D        | Killed a kobold demonologist
   947 | D        | Reached XP level 8. HP: 21/59 MP: 10/15
   947 | D        | Reached **** piety under Uskayaw
  1378 | D        | Noticed Sonja
  1383 | D        | HP: 2/59 [Sonja/uncursed dagger of distortion (5)]
  1383 | D        | Slain by Sonja

Skill      XL: |  1  2  3  4  5  6  7 |
---------------+----------------------+-----
Dodging        | 3 4 5 7 8 |  8.0
Unarmed Combat | 5 8 10 12 13 | 13.5
Spellcasting   | 2 3 4 5 |  5.4
Transmutations | 2 3 4 5 7 |  7.0
Stealth        | 1 |  1.8
Fighting       | |  1.3

Action                   |  1- 3 |  4- 6 |  7- 9 || total
-------------------------+-------+-------+-------++-------
Melee: Unarmed           |     8 |    22 |    13 ||    43
       Headbutt          |     3 |     5 |     4 ||    12
       Kick              |     1 |     7 |     1 ||     9
       Punch             |       |     1 |     1 ||     2
 Cast: Beastly Appendage |     1 |     4 |     2 ||     7
Invok: Stomp             |       |       |     2 ||     2
 Stab: Paralysed         |       |       |     1 ||     1
  Eat: Bread ration      |       |       |     1 ||     1
Armor: Robe              |       |     1 |     4 ||     5
Dodge: Dodged            |     5 |     7 |     9 ||    21
